 Dungeon Crawl Stone Soup version 0.17-a0-945-g601bd79 (webtiles) character file.

426 inmateoo the Poker (level 7, -2/54 HPs)
             Began as a Human Warper on May 6, 2015.
             Was a Believer of Cheibriados.
             Slain by a black bear (4 damage)
             ... on level 4 of the Dungeon.
             The game lasted 00:09:16 (5425 turns).

inmateoo the Poker (Human Warper)                   Turns: 5425, Time: 00:09:16

Health: -2/54      AC:  8    Str: 17    XL:     7   Next: 18%
Magic:  10/10      EV: 10    Int: 20    God:    Cheibriados [**....]
Gold:   141        SH:  0    Dex: 20    Spells: 4 memorised, 2 levels left

rFire  . . .     SeeInvis .     x - +0 trident
rCold  . . .     Clarity  .     q - +0 scale mail
rNeg   . . .     SustAb   .     (no shield)
rPois  .         Gourm    +     (no helmet)
rElec  .         Spirit   .     (no cloak)
rCorr  .         Warding  .     s - +0 pair of gloves
rMut   .         Stasis   .     g - +0 pair of boots
MR     .....                    n - amulet of the gourmand (curse)
Stlth  +.........               (no ring)
                                A - ring of stealth

@: very slow, not resistant to hostile enchantments, very unstealthy
A: no striking features
a: Bend Time, Renounce Religion


You were on level 4 of the Dungeon.
You worshipped Cheibriados.
Cheibriados was pleased with you.
You were not hungry.

You visited 1 branch of the dungeon, and saw 4 of its levels.

You collected 141 gold pieces.

Inventory:

Hand weapons
 a - a +0 spear
 x - a +0 trident (weapon)
Missiles
 e - 4 tomahawks of dispersal (quivered)
Armour
 g - a +0 pair of boots (worn)
 q - a +0 scale mail (worn)
 s - a +0 pair of gloves (worn)
Jewellery
 n - a cursed amulet of the gourmand (around neck)
 A - a ring of stealth (left hand)
Magical devices
 u - a wand of teleportation (7)
 v - a wand of slowing (13)
Scrolls
 d - 2 scrolls of blinking
 i - 2 scrolls of remove curse {unknown}
 j - a scroll of random uselessness {unknown}
 p - a scroll of enchant weapon {unknown}
 y - a scroll of fog {unknown}
 B - a scroll of identify
Potions
 b - a potion of degeneration {unknown}
 k - 3 potions of agility
 m - a potion of haste
 o - a potion of flight
 r - a potion of might
 w - 2 potions of curing {unknown}
Books
 c - a book of Spatial Translocations

   Spells                             Type                      Level
   a - Apportation                    Translocation                1
   b - Blink                          Translocation                2
   c - Shroud of Golubria             Charms/Translocation         2
   d - Portal Projectile              Translocation                3
   e - Teleport Other                 Translocation                3
   f - Passage of Golubria            Translocation                4
 z - a book of Unlife

   Spells                             Type                      Level
   a - Recall                         Summoning/Translocation      3
   b - Animate Dead                   Necromancy                   4
   c - Control Undead                 Necromancy                   4
   d - Cigotuvi's Embrace             Necromancy                   5
   e - Death Channel                  Necromancy                   6
   f - Simulacrum                     Ice/Necromancy               6
Comestibles
 f - a bread ration
 h - 8 fruits
 l - 2 meat rations
 t - a slice of pizza


   Skills:
 + Level 4.2 Fighting
 * Level 5.7 Polearms
 - Level 1.0 Throwing
 + Level 1.8 Armour
 - Level 2.0 Dodging
 + Level 2.2 Spellcasting
 + Level 3.0 Translocations


You had 2 spell levels left.
You knew the following spells:

 Your Spells              Type           Power        Failure   Level  Hunger
a - Apportation           Tloc           ##........   17%         1    #......
b - Blink                 Tloc           N/A          24%         2    ##.....
c - Teleport Other        Tloc           ##......     47%         3    ###....
d - Shroud of Golubria    Chrm/Tloc      #.........   43%         2    ##.....


Dungeon Overview and Level Annotations

Branches:
Dungeon (4/15)
 Temple: D:4-7

Altars:
Cheibriados
Okawaru
Ru
Trog


Message History

The black bear claws you but does no damage.
The black bear misses you.
You are too injured to fight recklessly!
Attack whom?
Press: ? - help, Dir - move target cursor, f/p - black bear
Aim: a black bear (almost dead, berserk, fast, unusually strong)
You barely miss the black bear.
The black bear is almost dead.
The black bear bites you!
* * * LOW HITPOINT WARNING * * *
The black bear barely misses you. The black bear claws you.
* * * LOW HITPOINT WARNING * * *
Attack whom?
Press: ? - help, Dir - move target cursor, f/p - black bear
Aim: a black bear (almost dead, berserk, fast, unusually strong)
You closely miss the black bear.
The black bear is almost dead.
The black bear bites you but does no damage.
The black bear claws you.
You die...

#.# #.. #.#
#.. #.# #..
#.# #.. ##.#
### ## ###.##
##..# ####..##
#%....##....##
#.....h@..###
##.%.###### ##


You could see a black bear (berserk).

Vanquished Creatures
  A scorpion (D:4)
  A crimson imp (D:3)
  3 hounds (D:4)
  Ijyb (D:2)
  3 gnolls (D:3)
  8 adders
  2 oozes
  An adder skeleton (D:3)
  5 worms
  A giant gecko (D:4)
  3 orcs (D:3)
  7 bats
  4 giant cockroaches
  9 hobgoblins
  10 jackals
  8 kobolds
  5 quokkas
  A ball python (D:1)
  7 giant newts
  10 goblins
  13 rats
103 creatures vanquished.

Notes
Turn   | Place    | Note
--------------------------------------------------------------
     0 | D:1      | inmateoo, the Human Warper, began the quest for the Orb.
     0 | D:1      | Reached XP level 1. HP: 16/16 MP: 3/3
   303 | D:1      | Reached XP level 2. HP: 18/23 MP: 5/5
   400 | D:1      | Learned a level 2 spell: Blink
   856 | D:2      | Reached XP level 3. HP: 26/28 MP: 6/6
   899 | D:2      | Learned a level 3 spell: Teleport Other
   977 | D:2      | Noticed Ijyb
  1020 | D:2      | Killed Ijyb
  1020 | D:2      | Reached XP level 4. HP: 14/35 MP: 3/7
  1926 | D:2      | Found a snail-covered altar of Cheibriados.
  1992 | D:2      | Reached skill level 4 in Polearms
  1992 | D:2      | Reached XP level 5. HP: 33/41 MP: 8/8
  2057 | D:2      | Became a worshipper of Cheibriados the Contemplative
  3235 | D:3      | Found a bloodstained altar of Trog.
  3256 | D:3      | Acquired Cheibriados's first power
  4144 | D:3      | Reached XP level 6. HP: 33/48 MP: 9/9
  4325 | D:3      | Reached skill level 5 in Polearms
  4968 | D:4      | Found a sacrificial altar of Ru.
  5144 | D:4      | Reached XP level 7. HP: 42/54 MP: 10/10
  5268 | D:4      | Learned a level 2 spell: Shroud of Golubria
  5272 | D:4      | Found an iron altar of Okawaru.
  5411 | D:4      | Noticed a black bear
  5424 | D:4      | HP: 2/54 [black bear (9)]
  5425 | D:4      | Slain by a black bear

Action                   |  1- 3 |  4- 6 |  7- 9 || total
-------------------------+-------+-------+-------++-------
Melee: Spear             |   101 |   481 |       ||   582
       Club              |       |    13 |       ||    13
       Trident           |       |    63 |    45 ||   108
Throw: Tomahawk          |       |     1 |       ||     1
 Cast: Blink             |       |     6 |       ||     6
  Use: Scroll            |       |     5 |       ||     5
 Stab: Distracted        |       |     1 |       ||     1
       Sleeping          |       |     1 |       ||     1
  Eat: Chunk             |       |    12 |       ||    12
